 Dungeon Crawl Stone Soup version 0.17.1-3-g152610e (webtiles) character file.

145 Gargoyl the Skirmisher (level 5, 0/42 HPs)
             Began as a Demonspawn Abyssal Knight on Mar 23, 2016.
             Was a Believer of Lugonu.
             Slain by Crazy Yiuf
             ... wielding a +4 quarterstaff of chaos
              (5 damage)
             ... on level 2 of the Dungeon.
             The game lasted 00:05:01 (2947 turns).

Gargoyl the Skirmisher (Demonspawn Abyssal Knight)  Turns: 2947, Time: 00:05:01

Health: 0/42       AC:  8    Str: 14    XL:     5   Next: 6%
Magic:  7/7        EV: 16    Int: 13    God:    Lugonu [**....]
Gold:   40         SH:  4    Dex: 17    Spells: 0 memorised, 4 levels left

rFire  . . .     SeeInvis .     a - +1 hand axe
rCold  . . .     Clarity  .     b - +1 leather armour
rNeg   . . .     SustAt   .     q - +0 buckler
rPois  .         Gourm    .     p - +0 helmet
rElec  .         Spirit   .     d - +1 cloak
rCorr  .         Warding  .     (no gloves)
rMut   .         Stasis   .     (no boots)
MR     .....                    (no amulet)
Stlth  ++........               (no ring)
                                (no ring)

@: agile, lethally poisoned (0 -> -4), not resistant to hostile enchantments,
unstealthy
A: talons 1, molten scales 1
a: Depart the Abyss, Bend Space, Renounce Religion


You were on level 2 of the Dungeon.
You worshipped Lugonu.
Lugonu was pleased with you.
You were not hungry.

You visited 1 branch of the dungeon, and saw 2 of its levels.
You visited the Abyss 1 time.

You collected 40 gold pieces.

Inventory:

Hand Weapons
 a - a +1 hand axe (weapon)
Armour
 b - a +1 leather armour (worn)
 d - a +1 cloak (worn)
 p - a +0 helmet (worn)
 q - a +0 buckler (worn)
Jewellery
 o - an uncursed amulet of regeneration {unknown}
Wands
 m - a wand of random effects (32)
Scrolls
 e - 2 scrolls of remove curse
 f - 3 scrolls of identify {unknown}
 j - 2 scrolls of blinking {unknown}
 k - a scroll of teleportation {unknown}
 l - a scroll of amnesia {unknown}
 n - 2 scrolls of random uselessness {unknown}
 s - a scroll of magic mapping {unknown}
Comestibles
 c - 2 bread rations
 h - 3 meat rations
 i - a beef jerky
 r - a chunk of flesh


   Skills:
 + Level 4.1 Fighting
 + Level 2.5 Axes
 + Level 2.5 Armour
 + Level 2.2 Dodging
 + Level 2.9 Invocations


You had 4 spell levels left.
You didn't know any spells.

Dungeon Overview and Level Annotations

Branches:
Dungeon (2/15)

Altars:
Ashenzari
Gozag

Annotations:
D:2 Crazy Yiuf


Innate Abilities, Weirdness & Mutations

You have sharp toenails.
You are partially covered in molten scales (AC +1).


Message History

Crazy Yiuf is lightly wounded.
You feel sick.
Crazy Yiuf hits you with a quarterstaff of chaos!
You convulse!
* * * LOW HITPOINT WARNING * * *
Drink which item? (? for menu, Esc to quit)
It was a potion of agility.
You feel agile all of a sudden.
* * * LOW HITPOINT WARNING * * *
You feel sick. Crazy Yiuf barely misses you.
You slash Crazy Yiuf!
Crazy Yiuf is heavily wounded.
* * * LOW HITPOINT WARNING * * *
You feel sick. Crazy Yiuf barely misses you.
You barely miss Crazy Yiuf. Your kick misses Crazy Yiuf.
Crazy Yiuf is heavily wounded.
* * * LOW HITPOINT WARNING * * *
You feel sick.
Crazy Yiuf hits you with a quarterstaff of chaos.
You die...

######## ....#..#
.......# )......##♣♣
#### ...)......♣♣
♣♣#..)#
...........♣♣♣♣.@g..#
............♣..♣#...#
...........♣.♣♣♣ ####
.......##♣♣♣♣♣
.......# ..####.#
########### ....#..#
#.........# .##...##
#.........#
......####.........#


You could see Crazy Yiuf.

Vanquished Creatures
  Jessica (D:2)
  6 adders (D:2)
  An ooze (D:2)
  A worm (D:2)
  4 giant geckos
  A ball python (D:2)
  7 giant cockroaches
  6 hobgoblins
  5 jackals (D:1)
  4 bats (D:1)
  7 giant newts
  4 goblins
  7 kobolds (D:1)
  4 rats
58 creatures vanquished.

Notes
Turn   | Place    | Note
--------------------------------------------------------------
     0 | Abyss:1  | Gargoyl the Demonspawn Abyssal Knight began the quest for the Orb.
     0 | Abyss:1  | Reached XP level 1. HP: 18/18 MP: 2/2
    34 | Abyss:1  | Noticed a raiju
    37 | Abyss:1  | Noticed an ancient zyme
    42 | D:1      | Escaped the Abyss
   381 | D:1      | Reached skill level 1 in Dodging
   414 | D:1      | Gained mutation: You have sharp toenails. [demonic ancestry]
   414 | D:1      | Reached XP level 2. HP: 16/24 MP: 4/4
   574 | D:1      | Reached * piety under Lugonu
   839 | D:1      | Gained mutation: You are partially covered in molten scales (AC +1). [demonic ancestry]
   839 | D:1      | Reached XP level 3. HP: 29/29 MP: 5/5
  1537 | D:2      | Found a shattered altar of Ashenzari.
  1634 | D:2      | Reached ** piety under Lugonu
  1634 | D:2      | Reached XP level 4. HP: 16/37 MP: 6/6
  1979 | D:2      | Found an opulent altar of Gozag.
  1980 | D:2      | Noticed Jessica
  1989 | D:2      | Killed Jessica
  1989 | D:2      | Reached skill level 4 in Fighting
  2867 | D:2      | Reached XP level 5. HP: 42/42 MP: 7/7
  2938 | D:2      | Noticed Crazy Yiuf
  2947 | D:2      | Slain by Crazy Yiuf

Action                   |  1- 3 |  4- 6 || total
-------------------------+-------+-------++-------
Melee: Hand axe          |   169 |    76 ||   245
Invok: Depart the Abyss  |     1 |       ||     1
  Use: Scroll            |     3 |       ||     3
       Potion            |     2 |     1 ||     3
  Eat: Chunk             |     3 |     4 ||     7
